EL
JACKSON GENERALS @ PORTLAND SEA DOGS
07/12/2048
 
TOP OF THE 1ST
Jackson Generals batting - Pitching for Portland Sea Dogs : RHP Chris Cory
Pitching: RHP Chris Cory
Batting: RHB Tomokazu Sugimoto 0-0: Ground out U3 (Groundball, 3, EV 91.2 MPH)
Batting: RHB Ryan Criollo 0-0: DOUBLE (Line Drive, 78M, EV 101.2 MPH)
Batting: RHB Julian Gregory 0-0: Called Strike
0-1: Ball
1-1: Fly out, F8 (Flyball, 8LD, EV 105.6 MPH)
Batting: RHB Mike Conaway 0-0: Ball
1-0: Ball
2-0: Foul Ball, location: 2F
2-1: Ball
3-1: Called Strike
3-2: Strikes out swinging
Top of the 1st over - 0 runs, 1 hit, 0 errors, 1 left on base; Jackson 0 - Portland 0
BOTTOM OF THE 1ST
Portland Sea Dogs batting - Pitching for Jackson Generals : RHP Frank Kats
Pitching: RHP Frank Kats
Batting: LHB Dave Reyes 0-0: Ground out 4-3 (Groundball, 34, EV 83.8 MPH)
Batting: LHB Sergio Tinoco 0-0: Ball
1-0: Fly out, F7 (Line Drive, 7S, EV 88.8 MPH)
Batting: RHB Dave Burwell 0-0: Ball
1-0: Foul Ball, location: 2F
1-1: Ball
2-1: Ball
3-1: Base on Balls
Batting: LHB David Moore 0-0: Called Strike
0-1: Ball
1-1: Ball
2-1: Foul Ball, location: 2F
2-2: Fielders Choice at 2nd, 5-4 (Groundball, 5, EV 108.8 MPH)
Bottom of the 1st over - 0 runs, 0 hits, 0 errors, 1 left on base; Jackson 0 - Portland 0
TOP OF THE 2ND
Jackson Generals batting - Pitching for Portland Sea Dogs : RHP Chris Cory
Batting: RHB Adan Lake 0-0: Called Strike
0-1: Foul Ball, location: 2F
0-2: Strikes out looking and he ARGUES THE CALL AND IS TOSSED!
Batting: SHB Brendan Bundy 0-0: Ball
1-0: Foul Ball, location: 2F
1-1: Called Strike
1-2: Ball
2-2: Foul Ball, location: 2F
2-2: Hit by Pitch
Batting: RHB Victor Rosas 0-0: Ball
1-0: Called Strike
1-1: Ball
2-1: Called Strike
2-2: Ball
3-2: Fielders Choice at 2nd, 4-6 (Groundball, 4, EV 90.6 MPH)
Batting: RHB Ching-hsia Zhang 0-0: Swinging Strike
0-1: Foul Ball, location: 2F
0-2: Ball
1-2: Strikes out swinging
Top of the 2nd over - 0 runs, 0 hits, 0 errors, 1 left on base; Jackson 0 - Portland 0
BOTTOM OF THE 2ND
Portland Sea Dogs batting - Pitching for Jackson Generals : RHP Frank Kats
Batting: RHB Travis Campbell 0-0: Called Strike
0-1: Fly out, F8 (Flyball, 8LD, EV 86.9 MPH)
Batting: RHB Mike Batko 0-0: Called Strike
0-1: Ball
1-1: Ball
2-1: Ball
3-1: Ground out U3 (Groundball, 13, EV 91.2 MPH)
Batting: RHB Miguel Villanueva 0-0: Fly out, F7 (Flyball, 7, EV 87.5 MPH)
Bottom of the 2nd over - 0 runs, 0 hits, 0 errors, 0 left on base; Jackson 0 - Portland 0
TOP OF THE 3RD
Jackson Generals batting - Pitching for Portland Sea Dogs : RHP Chris Cory
Batting: LHB Mario Cardona 0-0: Called Strike
0-1: Ball
1-1: Swinging Strike
1-2: Ball
2-2: Ball
3-2: Strikes out swinging
Batting: RHB Tomokazu Sugimoto 0-0: Called Strike
0-1: SINGLE (Line Drive, 89S, EV 101.9 MPH)
Batting: RHB Ryan Criollo 0-0: Called Strike
Tomokazu Sugimoto is caught stealing 2nd base 2-4
0-1: Ball
1-1: SINGLE (Groundball, 6MD, EV 101.9 MPH)
Batting: RHB Julian Gregory 0-0: SINGLE (Groundball, 56D, EV 103.8 MPH)
Ryan Criollo to second
Batting: RHB Mike Conaway 0-0: Called Strike
0-1: Ball
1-1: Ball
2-1: Ground out 4-3 (Groundball, 4MS, EV 67.5 MPH)
Top of the 3rd over - 0 runs, 3 hits, 0 errors, 2 left on base; Jackson 0 - Portland 0
BOTTOM OF THE 3RD
Portland Sea Dogs batting - Pitching for Jackson Generals : RHP Frank Kats
Batting: RHB Frank Sokolosky 0-0: Ball
1-0: Ground out 6-3 (Groundball, 6, EV 80.6 MPH)
Batting: RHB Josh Helman 0-0: Fly out, F7 (Flyball, 7, EV 91.9 MPH)
Batting: LHB Dave Reyes 0-0: Ball
1-0: Bunt for hit to 13S - play at first, batter OUT! 1-3
Bottom of the 3rd over - 0 runs, 0 hits, 0 errors, 0 left on base; Jackson 0 - Portland 0
Bottom of the 3rd over - 0 runs, 0 hits, 0 errors, 0 left on base; Jackson 0 - Portland 0
TOP OF THE 4TH
Jackson Generals batting - Pitching for Portland Sea Dogs : RHP Chris Cory
Batting: RHB Egidius Kruger 0-0: Ball
1-0: Ground out 1-3 (Groundball, 15S, EV 66.2 MPH)
Batting: SHB Brendan Bundy 0-0: Called Strike
0-1: Ball
1-1: Ball
2-1: Called Strike
2-2: Strikes out looking
Batting: RHB Victor Rosas 0-0: Bunted foul
0-1: Ball
1-1: Ground out 4-3 (Groundball, 4, EV 89.4 MPH)
Top of the 4th over - 0 runs, 0 hits, 0 errors, 0 left on base; Jackson 0 - Portland 0
BOTTOM OF THE 4TH
Portland Sea Dogs batting - Pitching for Jackson Generals : RHP Frank Kats
Batting: LHB Sergio Tinoco 0-0: Ball
1-0: Called Strike
1-1: Foul Ball, location: 2F
1-2: Strikes out swinging
Batting: RHB Dave Burwell 0-0: Fly out, F9 (Flyball, 9LM, EV 91.2 MPH)
Batting: LHB David Moore 0-0: SINGLE (Groundball, 4MD, EV 98.1 MPH)
Batting: RHB Travis Campbell 0-0: Ground out 6-3 (Groundball, P, EV 86.2 MPH)
Bottom of the 4th over - 0 runs, 1 hit, 0 errors, 1 left on base; Jackson 0 - Portland 0
TOP OF THE 5TH
Jackson Generals batting - Pitching for Portland Sea Dogs : RHP Chris Cory
Batting: RHB Ching-hsia Zhang 0-0: Called Strike
0-1: Ball
1-1: Swinging Strike
1-2: Ball
2-2: Strikes out looking
Batting: LHB Mario Cardona 0-0: Ball
1-0: Ball
2-0: Ground out 6-3 (Groundball, 6M, EV 103.8 MPH)
Batting: RHB Tomokazu Sugimoto 0-0: Foul Ball, location: 2F
0-1: Ball
1-1: Ball
2-1: Ground out 6-3 (Groundball, 6, EV 91.2 MPH)
Top of the 5th over - 0 runs, 0 hits, 0 errors, 0 left on base; Jackson 0 - Portland 0
BOTTOM OF THE 5TH
Portland Sea Dogs batting - Pitching for Jackson Generals : RHP Frank Kats
Batting: RHB Mike Batko 0-0: Reached on error, E5 (Groundball, 56, EV 83.8 MPH)
Batting: RHB Miguel Villanueva 0-0: Swinging Strike
0-1: Ball
1-1: Swinging Strike
1-2: Ball
2-2: Foul Ball, location: 2F
2-2: Strikes out swinging
Batting: RHB Frank Sokolosky 0-0: Called Strike
Mike Batko steals 2nd base
0-1: Ball
1-1: Fly out, F7 (Flyball, 7LS, EV 86.2 MPH)
Batting: RHB Josh Helman 0-0: Foul Ball, location: 2F
0-1: Reached on error, E6 (Groundball, 6S, EV 85.6 MPH)
Mike Batko scores
Batting: LHB Dave Reyes 0-0: Ball
1-0: Ball
2-0: Ball
3-0: Called Strike
3-1: Base on Balls
Batting: LHB Sergio Tinoco 0-0: SINGLE (Groundball, 4M, EV 105.0 MPH) (infield hit)
Josh Helman to third
Dave Reyes to second
Batting: RHB Dave Burwell 0-0: Fly out, F9 (Flyball, 9D, EV 88.1 MPH)
Bottom of the 5th over - 1 run, 1 hit, 2 errors, 3 left on base; Jackson 0 - Portland 1
TOP OF THE 6TH
Jackson Generals batting - Pitching for Portland Sea Dogs : RHP Chris Cory
Batting: RHB Ryan Criollo 0-0: Ball
1-0: Foul Ball, location: 2F
1-1: Ball
2-1: Foul Ball, location: 2F
2-2: Foul Ball, location: 2F
2-2: Fly out, F4 (Line Drive, 4D, EV 70.6 MPH)
Batting: RHB Julian Gregory 0-0: Ball
1-0: Ball
2-0: Foul Ball, location: 2F
2-1: Foul Ball, location: 2F
2-2: DOUBLE (Flyball, 8LXD, EV 101.9 MPH)
Batting: RHB Mike Conaway 0-0: Ground out 6-3 (Groundball, 6, EV 106.2 MPH)
Batting: RHB Egidius Kruger 0-0: Called Strike
0-1: Foul Ball, location: 2F
0-2: Hit by Pitch
Batting: SHB Brendan Bundy 0-0: Foul Ball, location: 2F
0-1: Ball
1-1: Called Strike
1-2: Ball
2-2: Strikes out swinging
Top of the 6th over - 0 runs, 1 hit, 0 errors, 2 left on base; Jackson 0 - Portland 1
BOTTOM OF THE 6TH
Portland Sea Dogs batting - Pitching for Jackson Generals : RHP Frank Kats
Batting: LHB David Moore 0-0: Ball
1-0: Foul Ball, location: 2F
1-1: Foul Ball, location: 2F
1-2: Ball
2-2: Ball
3-2: Base on Balls
Batting: RHB Travis Campbell 0-0: Called Strike
0-1: Foul Ball, location: 2F
0-2: Strikes out swinging
Batting: RHB Mike Batko 0-0: Called Strike
0-1: Ball
1-1: Fielders Choice at 2nd, 6-4 (Groundball, 56D, EV 96.9 MPH)
Batting: RHB Miguel Villanueva 0-0: Called Strike
0-1: Ball
1-1: Foul Ball, location: 2F
1-2: Strikes out looking
Bottom of the 6th over - 0 runs, 0 hits, 0 errors, 1 left on base; Jackson 0 - Portland 1
TOP OF THE 7TH
Jackson Generals batting - Pitching for Portland Sea Dogs : RHP Chris Cory
Batting: RHB Victor Rosas 0-0: Ball
1-0: Ground out 6-3 (Groundball, 6, EV 88.1 MPH)
Pitching: LHP David Schultz
Batting: RHB Ching-hsia Zhang 0-0: Ball
1-0: Ball
2-0: Called Strike
2-1: Swinging Strike
2-2: Strikes out swinging
Batting: LHB Mario Cardona 0-0: Ball
1-0: Ground out 5-3 (Groundball, 5, EV 101.9 MPH)
Top of the 7th over - 0 runs, 0 hits, 0 errors, 0 left on base; Jackson 0 - Portland 1
BOTTOM OF THE 7TH
Portland Sea Dogs batting - Pitching for Jackson Generals : RHP Frank Kats
Batting: RHB Frank Sokolosky 0-0: Ball
1-0: SINGLE (Groundball, 56D, EV 105.0 MPH)
Batting: RHB Josh Helman 0-0: Fielders Choice at 2nd, 3-6 (Groundball, 3, EV 85.0 MPH)
Batting: LHB Dave Reyes 0-0: Called Strike
0-1: Called Strike
0-2: Ground out 4-3 (Groundball, 3D, EV 96.9 MPH)
Josh Helman to second
Batting: LHB Sergio Tinoco 0-0: Called Strike
0-1: Ball
1-1: Called Strike
1-2: Ball
2-2: Ground out 4-3 (Groundball, 4, EV 88.1 MPH)
Bottom of the 7th over - 0 runs, 1 hit, 0 errors, 1 left on base; Jackson 0 - Portland 1
TOP OF THE 8TH
Jackson Generals batting - Pitching for Portland Sea Dogs : LHP David Schultz
Batting: RHB Tomokazu Sugimoto 0-0: Ball
1-0: Swinging Strike
1-1: Ball
2-1: Called Strike
2-2: Ball
3-2: Foul Ball, location: 2F
3-2: Foul Ball, location: 2F
3-2: Base on Balls
Batting: RHB Ryan Criollo 0-0: Foul Ball, location: 2F
0-1: Foul Ball, location: 2F
0-2: Ball
1-2: Ball
2-2: Strikes out swinging
Batting: RHB Julian Gregory 0-0: Foul Ball, location: 2F
0-1: Fly out, F6 (Popup, 6, EV 64.4 MPH)
Batting: RHB Mike Conaway 0-0: Fielders Choice at 2nd, 6-4 (Groundball, 6, EV 87.5 MPH)
Top of the 8th over - 0 runs, 0 hits, 0 errors, 1 left on base; Jackson 0 - Portland 1
BOTTOM OF THE 8TH
Portland Sea Dogs batting - Pitching for Jackson Generals : RHP Frank Kats
Pitching: RHP Bill Porter
Batting: RHB Dave Burwell 0-0: Ball
1-0: Called Strike
1-1: Fly out, F5 (Popup, 15, EV 80.0 MPH)
Batting: LHB David Moore 0-0: Called Strike
0-1: Ball
1-1: Foul Ball, location: 2F
1-2: Strikes out looking
Batting: RHB Travis Campbell 0-0: Ground out U3 (Groundball, 3S, EV 86.2 MPH)
Bottom of the 8th over - 0 runs, 0 hits, 0 errors, 0 left on base; Jackson 0 - Portland 1
TOP OF THE 9TH
Jackson Generals batting - Pitching for Portland Sea Dogs : LHP David Schultz
Pitching: RHP Aaron Brannon
Batting: RHB Egidius Kruger 0-0: Swinging Strike
0-1: Called Strike
0-2: Ball
1-2: Strikes out looking
Batting: SHB Brendan Bundy 0-0: Ground out 4-3 (Groundball, 4, EV 82.5 MPH)
Batting: RHB Victor Rosas 0-0: Foul Ball, location: 2F
0-1: Ball
1-1: Ball
2-1: Swinging Strike
2-2: SINGLE (Groundball, 56, EV 101.2 MPH)
Batting: RHB Ching-hsia Zhang 0-0: Ball
1-0: Called Strike
1-1: Fielders Choice at 2nd, 6-4 (Groundball, 6, EV 78.8 MPH)
Top of the 9th over - 0 runs, 1 hit, 0 errors, 1 left on base; Jackson 0 - Portland 1
Tuesday, March 28th , 2023 - OOTP Baseball 23.10 Build 110